[Event "European Online Club-ch-E 2021"]
[Site "Online"]
[Date "2021.03.27"]
[Round "1.1"]
[White "Guseinov, Gadir"]
[Black "Coursaget, Nicolas"]
[Result "1-0"]
[ECO "B02"]
[WhiteElo "2665"]
[BlackElo "2192"]
[Annotator "RC"]
[PlyCount "117"]
[EventDate "2021.03.27"]
[EventType "team-tourn"]
[EventCountry "NET"]
[SourceTitle "playchess.com"]
[Source "ChessBase"]
[SourceQuality "1"]
[TimeControl "900+5"]

1. e4 Nf6 2. Nc3 d5 3. exd5 Nxd5 4. Bc4 c6 5. Qf3 Nf6 6. h3 g6 7. Nge2 Nbd7 8. d4 Bg7 9. O-O O-O 10. a4 Nb6 11. Bb3 Nbd5 12. Nxd5 Nxd5 13. c3 Be6 14. Bc2 a5 15. Ng3 Qb6 16. Re1 Rad8 17. h4 Nf6 18. b3 Rd7 19. Ba3 Qc7 20. Qd3 Nd5 21. h5 Nf4 22. Qf3 Bd5 23. Be4 Bxb3 24. Bc1 Ne6 25. Nf5 Bd5 26. Nh6+ Bxh6 27. Bxh6 Ng7 28. Re2 Nxh5 29. Bxf8 Kxf8 30. Bxd5 cxd5 31. Rb1 Nf6 32. Qd3 e6 33. Reb2 Qc6 34. Rb5 Rc7 35. Rc5 Qd7 36. Qb5 Ne4 37. Qxd7 Rxd7 38. Rxa5 Nxc3 39. Rb2 Ne4 40. Ra7 Nd6 41. a5 Rc7 42. Kh2 Rc6 43. f3 h5 44. Kh3 Kg7 45. Rb6 Rxb6 46. axb6 Kf6 47. g4 hxg4+ 48. fxg4 Ke7 49. Ra5 Kd7 50. Rc5 f6 51. Rc7+ Kd8 52. Kg2 e5 53. g5 exd4 54. gxf6 d3 55. f7 Nxf7 56. Rxf7 d2 57. Rf1 Kd7 58. Rd1 Kc6 59. Rxd2 1-0

[Event "European Online Club-ch-E 2021"]
[Site "Online"]
[Date "2021.03.27"]
[Round "1.3"]
[White "Durarbayli, Vasif"]
[Black "Thereze, Ludovic"]
[Result "1-0"]
[ECO "B90"]
[WhiteElo "2606"]
[BlackElo "2007"]
[Annotator "ChessBase"]
[PlyCount "61"]
[EventDate "2021.03.27"]
[EventType "team-tourn"]
[EventCountry "NET"]
[SourceTitle "playchess.com"]
[Source "ChessBase"]
[SourceQuality "1"]
[TimeControl "900+5"]

1. e4 c5 2. Nf3 d6 3. d4 cxd4 4. Nxd4 Nf6 5. Nc3 Nc6 6. f3 e5 7. Nb3 Be7 8. Be3 Be6 9. Qe2 O-O 10. O-O-O a6 11. Kb1 Rc8 12. Qf2 b5 13. g4 Bxb3 14. axb3 Nb4 15. Bb6 Qd7 16. h4 Nxc2 17. Qxc2 b4 18. g5 Nh5 19. Bh3 Qc6 20. Bxc8 Rxc8 21. Rc1 Qb7 22. Nd5 Rxc2 23. Rxc2 Bf8 24. Rc7 Qb8 25. Rhc1 Qe8 26. Rc8 Qe6 27. Rd8 Nf4 28. Rcc8 Ng6 29. h5 Qh3 30. hxg6 Qf1+ 31. Ka2 1-0

[Event "European Online Club-ch-E 2021"]
[Site "Online"]
[Date "2021.03.27"]
[Round "1.4"]
[White "Marchadour, Emilie"]
[Black "Safarli, Eltaj"]
[Result "0-1"]
[ECO "B45"]
[WhiteElo "2006"]
[BlackElo "2598"]
[Annotator "ChessBase"]
[PlyCount "66"]
[EventDate "2021.03.27"]
[EventType "team-tourn"]
[EventCountry "NET"]
[SourceTitle "playchess.com"]
[Source "ChessBase"]
[SourceQuality "1"]
[TimeControl "900+5"]

1. e4 c5 2. Nf3 Nc6 3. d4 cxd4 4. Nxd4 Nf6 5. Nc3 e6 6. Nxc6 bxc6 7. e5 Nd5 8. Ne4 Bb7 9. c4 Nb4 10. a3 c5 11. Nd6+ Bxd6 12. exd6 Nc6 13. Qg4 O-O 14. Bd3 f5 15. Qg3 e5 16. O-O e4 17. Bc2 Nd4 18. Bd1 Qf6 19. Bg5 Qe6 20. Be7 Rf7 21. b4 f4 22. Qg4 Rf5 23. Ba4 f3 24. g3 h5 25. Qh3 e3 26. Rae1 exf2+ 27. Kxf2 Qe2+ 28. Rxe2 fxe2+ 29. Ke1 exf1=Q+ 30. Qxf1 Rxf1+ 31. Kxf1 cxb4 32. axb4 a5 33. b5 Ne6 0-1

[Event "European Online Club-ch-E 2021"]
[Site "Online"]
[Date "2021.03.27"]
[Round "1.6"]
[White "Caglar, Sila"]
[Black "Moussard, Jules"]
[Result "0-1"]
[ECO "A05"]
[WhiteElo "2250"]
[BlackElo "2635"]
[Annotator "ChessBase"]
[PlyCount "50"]
[EventDate "2021.03.27"]
[EventType "team-tourn"]
[EventCountry "NET"]
[SourceTitle "playchess.com"]
[Source "ChessBase"]
[SourceQuality "1"]
[TimeControl "900+5"]

1. e4 g6 2. d3 Bg7 3. Nf3 c5 4. g3 Nc6 5. Bg2 d6 6. O-O Nf6 7. Nbd2 O-O 8. Re1 e5 9. Nc4 h6 10. a4 Re8 11. h3 Rb8 12. Be3 b6 13. Qd2 Kh7 14. c3 Bb7 15. b4 cxb4 16. cxb4 d5 17. exd5 Nxd5 18. b5 Ncb4 19. d4 Nd3 20. Qxd3 e4 21. Ng5+ hxg5 22. Bxe4 Rxe4 23. Qxe4 Nxe3 24. Qxe3 Qd5 25. f3 Bxd4 0-1

[Event "European Online Club-ch-E 2021"]
[Site "Online"]
[Date "2021.03.27"]
[Round "1.7"]
[White "Gozzoli, Yannick"]
[Black "Kocyigit, Buse Naz"]
[Result "1-0"]
[ECO "D03"]
[WhiteElo "2600"]
[BlackElo "2143"]
[Annotator "ChessBase"]
[PlyCount "93"]
[EventDate "2021.03.27"]
[EventType "team-tourn"]
[EventCountry "NET"]
[SourceTitle "playchess.com"]
[Source "ChessBase"]
[SourceQuality "1"]
[TimeControl "900+5"]

1. d4 Nf6 2. Nf3 g6 3. Bg5 Bg7 4. c3 O-O 5. Nbd2 d5 6. e3 c5 7. Be2 Qb6 8. Qb3 Nc6 9. O-O Bf5 10. Rfe1 Rfd8 11. dxc5 Qxc5 12. Nd4 Bd7 13. Bf4 Re8 14. Nxc6 Bxc6 15. Be5 Ne4 16. Nxe4 dxe4 17. Bxg7 Kxg7 18. Red1 Rad8 19. a3 e5 20. Rxd8 Rxd8 21. Rd1 Rxd1+ 22. Qxd1 Bb5 23. c4 Be8 24. b4 Qc7 25. Kf1 a5 26. c5 b6 27. Qd5 axb4 28. axb4 bxc5 29. Qxc5 Qxc5 30. bxc5 Kf8 31. Ke1 Ke7 32. Kd2 Kd8 33. Kc3 Kc7 34. Bc4 f5 35. Be6 Ba4 36. Bg8 h6 37. Bf7 g5 38. Be6 f4 39. Bd5 Bc6 40. Bxc6 Kxc6 41. Kc4 g4 42. g3 h5 43. Kb4 Kc7 44. Kb5 Kb7 45. c6+ Kc7 46. Kc5 f3 47. Kd5 1-0

[Event "European Online Club-ch-E 2021"]
[Site "Online"]
[Date "2021.03.27"]
[Round "1.8"]
[White "Ince, Safiye Oyku"]
[Black "Cornette, Matthieu"]
[Result "0-1"]
[ECO "B22"]
[WhiteElo "1995"]
[BlackElo "2555"]
[Annotator "ChessBase"]
[PlyCount "70"]
[EventDate "2021.03.27"]
[EventType "team-tourn"]
[EventCountry "NET"]
[SourceTitle "playchess.com"]
[Source "ChessBase"]
[SourceQuality "1"]
[TimeControl "900+5"]

1. e4 c5 2. Nf3 Nc6 3. c3 d5 4. exd5 Qxd5 5. Na3 Bg4 6. Be2 e5 7. d3 O-O-O 8. O-O f5 9. h3 Bh5 10. Be3 Nf6 11. Re1 Be7 12. Qa4 f4 13. Bd2 g5 14. b4 cxb4 15. cxb4 Kb8 16. b5 Nd4 17. Nxd4 Qxd4 18. Qxd4 Rxd4 19. Nc2 Rd5 20. Bxh5 Nxh5 21. Bc3 Bf6 22. a4 Rc5 23. Ra3 Rhc8 24. Bxe5+ Rxe5 25. Rxe5 Bxe5 26. Ra2 Nf6 27. a5 Nd5 28. d4 Nc3 29. Rb2 Ne2+ 30. Kf1 Nxd4 31. Nxd4 Bxd4 32. Rd2 Bc3 33. Rd7 Bxa5 34. Rxh7 Rc5 35. Rh8+ Kc7 0-1

[Event "European Online Club-ch-E 2021"]
[Site "Online"]
[Date "2021.03.27"]
[Round "1.9"]
[White "Roiz, Michael"]
[Black "Pavlidis, Antonios"]
[Result "1/2-1/2"]
[ECO "A34"]
[WhiteElo "2579"]
[BlackElo "2536"]
[Annotator "ChessBase"]
[PlyCount "48"]
[EventDate "2021.03.27"]
[EventType "team-tourn"]
[EventCountry "NET"]
[SourceTitle "playchess.com"]
[Source "ChessBase"]
[SourceQuality "1"]
[TimeControl "900+5"]

1. Nf3 c5 2. c4 Nc6 3. Nc3 e5 4. e3 Nf6 5. Be2 d5 6. d4 exd4 7. exd4 cxd4 8. Nxd4 dxc4 9. Nxc6 Qxd1+ 10. Nxd1 bxc6 11. Bxc4 Bb4+ 12. Bd2 Bxd2+ 13. Kxd2 Ne4+ 14. Kc1 Bf5 15. f3 Nd6 16. Re1+ Kd7 17. Bf1 a5 18. Ne3 Rhe8 19. Kd2 Be6 20. Kc3 Nb5+ 21. Kc2 Nd4+ 22. Kc3 Nb5+ 23. Kc2 Nd4+ 24. Kc3 Nb5+ 1/2-1/2

[Event "European Online Club-ch-E 2021"]
[Site "Online"]
[Date "2021.03.27"]
[Round "1.10"]
[White "Kanakaris, Georgios"]
[Black "Postny, Evgeny"]
[Result "1/2-1/2"]
[ECO "A07"]
[WhiteElo "2400"]
[BlackElo "2605"]
[Annotator "ChessBase"]
[PlyCount "164"]
[EventDate "2021.03.27"]
[EventType "team-tourn"]
[EventCountry "NET"]
[SourceTitle "playchess.com"]
[Source "ChessBase"]
[SourceQuality "1"]
[TimeControl "900+5"]

1. Nf3 d5 2. g3 c6 3. Bg2 Bg4 4. O-O Nd7 5. d3 e5 6. h3 Bxf3 7. exf3 Bd6 8. Re1 Ne7 9. d4 exd4 10. Qxd4 O-O 11. Nc3 Re8 12. Bf4 Nf8 13. Bxd6 Qxd6 14. f4 Nf5 15. Qd3 g6 16. h4 Qf6 17. Bh3 Nd6 18. a4 a5 19. b3 Ne6 20. Bxe6 Rxe6 21. Rxe6 Qxe6 22. Kg2 Re8 23. Rb1 Qg4 24. Qf3 Qf5 25. Rc1 h5 26. Nd1 Qe4 27. Qxe4 Rxe4 28. Nc3 Re6 29. Kf3 Nf5 30. Rd1 Kf8 31. Ne2 Ke7 32. c3 Kd6 33. Nc1 f6 34. Nd3 b6 35. Nb2 Kc7 36. Nd3 Nd6 37. Rc1 Re4 38. Rc2 c5 39. Re2 Rxe2 40. Kxe2 Ne4 41. c4 dxc4 42. bxc4 Kd6 43. Ke3 Nc3 44. Nb2 Na2 45. Ke4 Ke6 46. f3 Nb4 47. g4 f5+ 48. gxf5+ gxf5+ 49. Ke3 Nc6 50. Nd1 Ne7 51. Kf2 Nc6 52. Ke3 Nb4 53. Nc3 Kf6 54. Kd2 Ke6 55. Ke3 Nc2+ 56. Kd3 Nd4 57. Ke3 Nc2+ 58. Kd3 Ne1+ 59. Ke2 Ng2 60. Nd5 Nxh4 61. Nxb6 Ng6 62. Nd5 Nh8 63. Kf2 Nf7 64. Kg3 Nd6 65. Ne3 Kf6 66. Nd5+ Kg6 67. Nb6 Kf7 68. Nd7 Nxc4 69. Nxc5 Ke7 70. Kh4 Kd6 71. Nb3 Ke6 72. Kxh5 Kf6 73. Kh6 Nb6 74. Nxa5 Nxa4 75. Nc4 Nc5 76. Ne3 Ne6 77. Nd5+ Kf7 78. Kh5 Nd4 79. Ne3 Kf6 80. Nxf5 Kxf5 81. Kh6 Kxf4 82. Kg7 Kxf3 1/2-1/2

[Event "European Online Club-ch-E 2021"]
[Site "Online"]
[Date "2021.03.27"]
[Round "1.11"]
[White "Steinberg, Nitzan"]
[Black "Stefanou, Dimitrios"]
[Result "1-0"]
[ECO "C97"]
[WhiteElo "2553"]
[BlackElo "2099"]
[Annotator "ChessBase"]
[PlyCount "105"]
[EventDate "2021.03.27"]
[EventType "team-tourn"]
[EventCountry "NET"]
[SourceTitle "playchess.com"]
[Source "ChessBase"]
[SourceQuality "1"]
[TimeControl "900+5"]

1. e4 e5 2. Nf3 Nc6 3. Bb5 a6 4. Ba4 Nf6 5. O-O Be7 6. Re1 b5 7. Bb3 d6 8. c3 O-O 9. h3 Na5 10. Bc2 c5 11. d4 Qc7 12. d5 Bd7 13. b3 Ne8 14. Nbd2 g6 15. Nf1 Ng7 16. Ng3 Nb7 17. Nh2 Nd8 18. a4 Rb8 19. axb5 axb5 20. b4 c4 21. Be3 f6 22. Qf3 Nf7 23. Ra7 Rb7 24. Rea1 h5 25. Rxb7 Qxb7 26. Ra7 Qc8 27. h4 Bd8 28. Qd1 f5 29. exf5 Nxf5 30. Nxf5 Bxf5 31. Nf3 e4 32. Ng5 Nxg5 33. hxg5 Rf7 34. Rxf7 Kxf7 35. Qd4 Qa8 36. Bxe4 Bxe4 37. Qxe4 Qa1+ 38. Kh2 Qxc3 39. Qe6+ Kf8 40. Bf4 Be7 41. Qxg6 Qg7 42. Qxh5 c3 43. g6 Kg8 44. Kg3 c2 45. f3 Bf6 46. Qf5 Be5 47. Qxc2 Bxf4+ 48. Kxf4 Qe5+ 49. Kg4 Qxd5 50. f4 Qc4 51. Qxc4+ bxc4 52. Kf3 d5 53. Ke3 1-0

[Event "European Online Club-ch-E 2021"]
[Site "Online"]
[Date "2021.03.27"]
[Round "1.12"]
[White "Koutlas, Nikolaos"]
[Black "Huzman, Alexander"]
[Result "0-1"]
[ECO "A11"]
[WhiteElo "2078"]
[BlackElo "2561"]
[Annotator "ChessBase"]
[PlyCount "102"]
[EventDate "2021.03.27"]
[EventType "team-tourn"]
[EventCountry "NET"]
[SourceTitle "playchess.com"]
[Source "ChessBase"]
[SourceQuality "1"]
[TimeControl "900+5"]

1. c4 e6 2. Nf3 d5 3. e3 Nf6 4. Nc3 c6 5. b3 Nbd7 6. Bb2 Bd6 7. Qc2 O-O 8. h3 e5 9. cxd5 Nxd5 10. a3 f5 11. g4 Nxc3 12. Bxc3 Qf6 13. Bc4+ Kh8 14. b4 Nb6 15. Bb3 Qe7 16. g5 Nd5 17. Bb2 a5 18. b5 Bd7 19. h4 Rac8 20. g6 h6 21. b6 Rf6 22. h5 Nxb6 23. O-O-O Bxa3 24. Kb1 Bxb2 25. Qxb2 e4 26. Ng5 Be8 27. Nf7+ Bxf7 28. Bxf7 Nd5 29. Rc1 Rd8 30. Rc4 Rxf7 31. gxf7 Qxf7 32. Rc5 Nb4 33. Rg1 Rd7 34. Rg6 Nd3 35. Rxh6+ Kg8 36. Rxa5 Nxb2 37. Ra8+ Qf8 38. Rh8+ Kxh8 39. Rxf8+ Kh7 40. Kxb2 Rxd2+ 41. Kc3 Rxf2 42. Rf7 b5 43. Rc7 Kh6 44. Rxc6+ Kxh5 45. Rc5 Kg4 46. Rxb5 Rf1 47. Kd4 Rd1+ 48. Ke5 Rd3 49. Rb6 g5 50. Rf6 Rxe3 51. Rxf5 Rf3 0-1

[Event "European Online Club-ch-E 2021"]
[Site "Online"]
[Date "2021.03.27"]
[Round "1.13"]
[White "Chatalbashev, Boris"]
[Black "Dedebas, Emre Emin"]
[Result "1-0"]
[ECO "D21"]
[WhiteElo "2530"]
[BlackElo "2335"]
[Annotator "ChessBase"]
[PlyCount "61"]
[EventDate "2021.03.27"]
[EventType "team-tourn"]
[EventCountry "NET"]
[SourceTitle "playchess.com"]
[Source "ChessBase"]
[SourceQuality "1"]
[TimeControl "900+5"]

1. d4 d5 2. c4 dxc4 3. Nf3 c5 4. e3 cxd4 5. Bxc4 Qc7 6. Bb3 dxe3 7. Bxe3 Nc6 8. Nc3 Nf6 9. O-O e6 10. Nb5 Qa5 11. Nd6+ Bxd6 12. Qxd6 Ne4 13. Qf4 Qf5 14. Qh4 Nf6 15. h3 O-O 16. Rac1 Qh5 17. Qg3 Qg6 18. Qh2 e5 19. Rc5 Nd7 20. Rd5 e4 21. Nd2 h6 22. Rd6 Nf6 23. Nc4 Be6 24. Rfd1 Rfe8 25. Kh1 Qh5 26. Qg3 Bxc4 27. Bxc4 Ne5 28. Bb5 Rf8 29. R1d2 Nd3 30. Bxd3 exd3 31. Rxf6 1-0

[Event "European Online Club-ch-E 2021"]
[Site "Online"]
[Date "2021.03.27"]
[Round "1.14"]
[White "Angun, Batu"]
[Black "Moreno Trujillo, Alejandro"]
[Result "1/2-1/2"]
[ECO "D46"]
[WhiteElo "2326"]
[BlackElo "2483"]
[Annotator "ChessBase"]
[PlyCount "127"]
[EventDate "2021.03.27"]
[EventType "team-tourn"]
[EventCountry "NET"]
[SourceTitle "playchess.com"]
[Source "ChessBase"]
[SourceQuality "1"]
[TimeControl "900+5"]

1. d4 d5 2. c4 c6 3. Nf3 Nf6 4. Nc3 e6 5. e3 Nbd7 6. Qc2 Bd6 7. Bd3 O-O 8. O-O Qe7 9. cxd5 exd5 10. Re1 Qd8 11. a3 a5 12. Rb1 Nb6 13. e4 dxe4 14. Nxe4 Nxe4 15. Bxe4 h6 16. Ne5 Be6 17. Bf4 Nd5 18. Bg3 Re8 19. Bh7+ Kf8 20. Rbd1 a4 21. Rd3 Nf6 22. Rde3 Re7 23. Bh4 g5 24. Bg3 Kg7 25. Bd3 Nd5 26. R3e2 Bxe5 27. Bxe5+ f6 28. Bg3 Bf7 29. h4 Rxe2 30. Qxe2 Qe8 31. Qd1 Qd7 32. Bc2 Bg6 33. Bxa4 Re8 34. Rxe8 Qxe8 35. Bb3 Qe4 36. hxg5 hxg5 37. f3 Qe3+ 38. Bf2 Qe7 39. Bxd5 cxd5 40. Qb3 Qd7 41. Qb6 Bd3 42. b4 Bb5 43. g4 Bc6 44. Kg2 Kg6 45. Qc5 Kf7 46. Bg3 Kg7 47. Qd6 Qxd6 48. Bxd6 Ba4 49. Bc7 Kf7 50. Kf2 Ke6 51. Ke3 b5 52. Kd2 Bb3 53. Bd8 Ba4 54. Ke3 Bb3 55. f4 gxf4+ 56. Kxf4 Bd1 57. g5 fxg5+ 58. Bxg5 Ba4 59. Bd8 Bb3 60. Ba5 Ba4 61. Bb6 Bb3 62. Ba5 Ba4 63. Bb6 Bb3 64. Ba5 1/2-1/2

[Event "European Online Club-ch-E 2021"]
[Site "Online"]
[Date "2021.03.27"]
[Round "1.15"]
[White "Garrido Dominguez, Jesus"]
[Black "Ozenir, Ekin Baris"]
[Result "1-0"]
[ECO "C08"]
[WhiteElo "2413"]
[BlackElo "2309"]
[Annotator "NA"]
[PlyCount "117"]
[EventDate "2021.03.27"]
[EventType "team-tourn"]
[EventCountry "NET"]
[SourceTitle "playchess.com"]
[Source "ChessBase"]
[SourceQuality "1"]
[TimeControl "900+5"]

1. e4 e6 2. d4 d5 3. Nd2 c5 4. exd5 exd5 5. Ngf3 Nf6 6. Bb5+ Bd7 7. Bxd7+ Nbxd7 8. O-O Be7 9. dxc5 Nxc5 10. Nb3 Nce4 11. Be3 O-O 12. h3 Nd6 13. Bd4 Nc4 14. Nbd2 Ne4 15. Nxc4 dxc4 16. Qe2 Ng5 17. Nxg5 Bxg5 18. Qxc4 Rc8 19. Qd3 Rc6 20. Bc3 Qxd3 21. cxd3 Rd8 22. Rad1 Rcd6 23. Rfe1 h6 24. d4 Bf6 25. Re4 g6 26. g4 R6d7 27. Kf1 Bg7 28. Ke2 f5 29. gxf5 gxf5 30. Rf4 Rd5 31. Kd3 Kf7 32. a4 Bf6 33. Kc4 b6 34. Rd3 a6 35. Rdf3 b5+ 36. axb5 axb5+ 37. Kb3 Ke6 38. Re3+ Kf7 39. Rd3 Rg8 40. Rff3 Rg2 41. Rd1 Be7 42. Ra1 Rg8 43. Ra7 Kf6 44. Ra6+ Rd6 45. d5+ Kg6 46. Rg3+ Kf7 47. Rxg8 Kxg8 48. Rxd6 Bxd6 49. Bb4 Be5 50. Ba3 Kf7 51. Kb4 Bd4 52. f3 Kf6 53. Kxb5 Ke5 54. Kc4 Bb6 55. Bc5 Bd8 56. Be3 h5 57. b4 f4 58. Bd2 Kf5 59. Kc5 1-0

[Event "European Online Club-ch-E 2021"]
[Site "Online"]
[Date "2021.03.27"]
[Round "1.16"]
[White "Tarlabasi, Emirhan"]
[Black "Soham Das"]
[Result "1/2-1/2"]
[ECO "D30"]
[WhiteElo "2301"]
[BlackElo "2385"]
[Annotator "NA"]
[PlyCount "100"]
[EventDate "2021.03.27"]
[EventType "team-tourn"]
[EventCountry "NET"]
[SourceTitle "playchess.com"]
[Source "ChessBase"]
[SourceQuality "1"]
[TimeControl "900+5"]

1. d4 d5 2. c4 c6 3. e3 Nf6 4. Nf3 e6 5. b3 Ne4 6. Bd3 Bb4+ 7. Nbd2 Nd7 8. a3 Bc3 9. Ra2 Ba5 10. Qc2 f5 11. O-O O-O 12. Ne5 Nxe5 13. dxe5 c5 14. f3 Nxd2 15. Bxd2 Bxd2 16. Qxd2 b6 17. b4 Qc7 18. bxc5 Qxc5 19. cxd5 Qxd5 20. Rc2 Rd8 21. Rc3 Ba6 22. Rd1 Qxe5 23. Qe1 Rd5 24. f4 Qd6 25. Bc2 Rc8 26. Rxd5 Qxd5 27. Bb3 Qd6 28. Rxc8+ Bxc8 29. Qc3 Bd7 30. Qd4 Qxd4 31. exd4 Kf8 32. Kf2 Ke7 33. Ke3 Kd6 34. Kd3 Bb5+ 35. Kc3 Bc6 36. g3 Bd5 37. Ba4 Ba2 38. Bd1 h6 39. h4 g6 40. Bf3 Bd5 41. Bd1 a6 42. Kd3 Kc6 43. Kc3 Kb5 44. Bc2 Kc6 45. Ba4+ b5 46. Bd1 a5 47. Be2 Be4 48. Bd1 Kd6 49. Be2 Bc6 50. Bd1 Ke7 1/2-1/2

[Event "European Online Club-ch-E 2021"]
[Site "Online"]
[Date "2021.03.27"]
[Round "1.17"]
[White "Westerberg, Jonathan"]
[Black "Sirosh, Ilja"]
[Result "1/2-1/2"]
[ECO "B51"]
[WhiteElo "2534"]
[BlackElo "2400"]
[Annotator "ChessBase"]
[PlyCount "128"]
[EventDate "2021.03.27"]
[EventType "team-tourn"]
[EventCountry "NET"]
[SourceTitle "playchess.com"]
[Source "ChessBase"]
[SourceQuality "1"]
[TimeControl "900+5"]

1. e4 c5 2. Nf3 d6 3. Bb5+ Nd7 4. d4 cxd4 5. Qxd4 a6 6. Bxd7+ Bxd7 7. Nc3 e5 8. Qd3 Rc8 9. O-O h6 10. Nd2 Qc7 11. Re1 Nf6 12. Nf1 Be7 13. Ne3 Be6 14. Bd2 O-O 15. Red1 Rfd8 16. Be1 b5 17. a3 Qb7 18. f3 d5 19. exd5 Bc5 20. Bf2 Bxe3 21. Qxe3 Nxd5 22. Qe4 Qa8 23. Qxe5 Nxc3 24. Rxd8+ Rxd8 25. Qxc3 Qd5 26. b4 Qd2 27. Qxd2 Rxd2 28. c3 Ra2 29. Rxa2 Bxa2 30. Bc5 f5 31. Kf2 Kf7 32. Ke3 g6 33. Kd4 Ke6 34. Bf8 h5 35. f4 Bb3 36. Kc5 Bc2 37. g3 h4 38. gxh4 Bd1 39. Bg7 Bc2 40. Be5 Bd1 41. Bd4 Bc2 42. Kc6 Bd3 43. Be5 Be2 44. Kb6 Kd5 45. Kxa6 Kc4 46. Ka5 Bd1 47. Kb6 Bf3 48. Bd4 Bd1 49. Kc6 Bf3+ 50. Kd6 Bd1 51. Be5 Bf3 52. Kc7 Be2 53. Kb6 Kb3 54. Kc5 Kxa3 55. h5 gxh5 56. Kd5 h4 57. Ke6 Bg4 58. Bf6 h3 59. Kd5 Kb3 60. Kc5 Be2 61. Be5 Bf1 62. Kd4 Be2 63. Ke3 Bg4 64. Kd3 Bf3 1/2-1/2

[Event "European Online Club-ch-E 2021"]
[Site "Online"]
[Date "2021.03.27"]
[Round "1.18"]
[White "Chukavin, Kirill"]
[Black "Seo, Jung Min"]
[Result "1-0"]
[ECO "B91"]
[WhiteElo "2384"]
[BlackElo "2453"]
[Annotator "ChessBase"]
[PlyCount "109"]
[EventDate "2021.03.27"]
[EventType "team-tourn"]
[EventCountry "NET"]
[SourceTitle "playchess.com"]
[Source "ChessBase"]
[SourceQuality "1"]
[TimeControl "900+5"]

1. e4 c5 2. Nc3 a6 3. Nf3 d6 4. d4 cxd4 5. Nxd4 Nf6 6. h3 g6 7. g3 Bg7 8. Bg2 O-O 9. O-O Qc7 10. a4 Nc6 11. Nde2 Rb8 12. Bg5 Qa5 13. Nd5 Be6 14. Nxf6+ exf6 15. Bd2 Qc7 16. Bc3 Ne5 17. Nf4 Rfd8 18. Nd5 Bxd5 19. Qxd5 Nc6 20. Rad1 Ne7 21. Qa5 Qc8 22. Qb6 Qe6 23. Rfe1 Nc6 24. f4 Qc4 25. a5 f5 26. Bxg7 Kxg7 27. exf5 Qxc2 28. fxg6 hxg6 29. Rd5 Re8 30. Qf2 Rxe1+ 31. Qxe1 Rd8 32. Qc3+ Qxc3 33. bxc3 Kf6 34. Kf2 Ke7 35. g4 Rc8 36. Bf3 Na7 37. Rd3 Rc7 38. Re3+ Kf8 39. Rd3 Ke7 40. Re3+ Kd8 41. Rd3 Kd7 42. h4 Nc6 43. Rd5 Na7 44. Rd3 Nb5 45. h5 gxh5 46. gxh5 Ke7 47. Kg3 f5 48. h6 Kf7 49. c4 Na7 50. Rxd6 Nc8 51. Bd5+ Ke8 52. Rg6 Ne7 53. Rg7 Kf8 54. Rf7+ Ke8 55. h7 1-0

[Event "European Online Club-ch-E 2021"]
[Site "Online"]
[Date "2021.03.27"]
[Round "1.19"]
[White "Hauge, Lars Oskar"]
[Black "Kukk, Sander"]
[Result "1/2-1/2"]
[ECO "B09"]
[WhiteElo "2483"]
[BlackElo "2230"]
[Annotator "ChessBase"]
[PlyCount "122"]
[EventDate "2021.03.27"]
[EventType "team-tourn"]
[EventCountry "NET"]
[SourceTitle "playchess.com"]
[Source "ChessBase"]
[SourceQuality "1"]
[TimeControl "900+5"]

1. e4 g6 2. Nc3 Bg7 3. d4 d6 4. f4 Nf6 5. Bd3 O-O 6. Nf3 Nc6 7. e5 dxe5 8. fxe5 Nd5 9. Nxd5 Qxd5 10. c3 Bg4 11. Qe2 Bxf3 12. gxf3 Rad8 13. Bc4 Qa5 14. Bd2 e6 15. O-O-O Ne7 16. h4 h5 17. Bg5 Rd7 18. Rhg1 Nf5 19. Bf6 Bh6+ 20. Kb1 Kh7 21. Bd3 Re8 22. Be4 c6 23. Ka1 Qc7 24. Bb1 b5 25. c4 bxc4 26. Qxc4 Qb6 27. Bxf5 exf5 28. Rg2 Re6 29. Rc2 Rd5 30. a3 Be3 31. Rc3 Rxd4 32. Rxd4 Qxd4 33. Qb3 f4 34. Qb8 Rxf6 35. exf6 Qxf6 36. Qc7 Bb6 37. Qxc6 Qxh4 38. Qd5 Qf6 39. a4 Kg7 40. a5 Be3 41. Rc7 h4 42. Qd7 Bd4 43. Rb7 Be3 44. Ka2 Bd4 45. Ka3 Bc5+ 46. Kb3 Be3 47. Ka2 Bd4 48. b4 Be3 49. Rc7 Kh6 50. b5 Qg5 51. Qxf7 Qxb5 52. Qf8+ Kg5 53. Qd8+ Kh6 54. Qxh4+ Qh5 55. Qd8 Qxa5+ 56. Kb3 Qb5+ 57. Kc3 Qa5+ 58. Kc4 Qa4+ 59. Kc3 Qa5+ 60. Kc2 Qa2+ 61. Kc3 Qa5+ 1/2-1/2

[Event "European Online Club-ch-E 2021"]
[Site "Online"]
[Date "2021.03.27"]
[Round "1.20"]
[White "Liiva, Riho"]
[Black "Cederstam Barsk, Carl"]
[Result "1-0"]
[ECO "B10"]
[WhiteElo "2443"]
[BlackElo "2366"]
[Annotator "NA"]
[PlyCount "93"]
[EventDate "2021.03.27"]
[EventType "team-tourn"]
[EventCountry "NET"]
[SourceTitle "playchess.com"]
[Source "ChessBase"]
[SourceQuality "1"]
[TimeControl "900+5"]

1. e4 c6 2. c4 d5 3. cxd5 cxd5 4. exd5 Nf6 5. Qa4+ Nbd7 6. Nc3 g6 7. Nf3 Bg7 8. Qb3 O-O 9. Bc4 a6 10. a4 Nb6 11. d3 e6 12. dxe6 Re8 13. O-O Bxe6 14. Bxe6 Rxe6 15. a5 Nbd5 16. d4 b5 17. Bg5 Nxc3 18. Qxc3 Rc8 19. Qb3 Qd5 20. Qxd5 Nxd5 21. Rac1 Rec6 22. Ne5 Bxe5 23. dxe5 Nb4 24. Rxc6 Rxc6 25. Rd1 Rc8 26. f4 Nc6 27. Rd6 Nxa5 28. Rxa6 Nc4 29. b4 Nb2 30. Rb6 Nd3 31. Kf1 Nxb4 32. Rxb5 Nc2 33. Kf2 h5 34. Rd5 Nb4 35. Rd6 Rc2+ 36. Kg3 Rc3+ 37. Kh4 Nc6 38. Bf6 Rc4 39. Kg5 Rc2 40. Kh6 Kf8 41. g3 Ke8 42. h3 Ne7 43. g4 hxg4 44. hxg4 Rh2+ 45. Kg5 Rg2 46. e6 fxe6 47. Rxe6 1-0

[Event "European Online Club-ch-E 2021"]
[Site "Online"]
[Date "2021.03.27"]
[Round "2.1"]
[White "Helie, Marc"]
[Black "Sirosh, Ilja"]
[Result "0-1"]
[ECO "D40"]
[WhiteElo "2083"]
[BlackElo "2400"]
[Annotator "NA"]
[PlyCount "80"]
[EventDate "2021.03.27"]
[EventType "team-tourn"]
[EventCountry "NET"]
[SourceTitle "playchess.com"]
[Source "ChessBase"]
[SourceQuality "1"]
[TimeControl "900+5"]

1. d4 d5 2. Nf3 c5 3. c4 e6 4. e3 Nf6 5. Nc3 Nc6 6. a3 cxd4 7. exd4 g6 8. c5 Ne4 9. Bd3 Nxc3 10. bxc3 Bg7 11. O-O O-O 12. Re1 b6 13. cxb6 axb6 14. Bf4 Ba6 15. Bxa6 Rxa6 16. Ne5 Nxe5 17. Bxe5 Bxe5 18. Rxe5 Qc7 19. Qd2 Rfa8 20. Qb2 Qd6 21. h4 Rxa3 22. Rxa3 Qxa3 23. Qd2 Rc8 24. Re3 Qe7 25. h5 Qg5 26. hxg6 hxg6 27. Qe1 Ra8 28. Qb1 Qf5 29. Qb2 Kg7 30. Rf3 Qe4 31. Re3 Qg4 32. Rf3 b5 33. Qc1 Rh8 34. Rg3 Qh4 35. Rh3 Qe4 36. Rxh8 Kxh8 37. Qh6+ Kg8 38. Qd2 Kg7 39. Qb2 Qd3 40. Qb4 g5 0-1

[Event "European Online Club-ch-E 2021"]
[Site "Online"]
[Date "2021.03.27"]
[Round "2.2"]
[White "Chukavin, Kirill"]
[Black "Barbini, Denis"]
[Result "1-0"]
[ECO "B09"]
[WhiteElo "2384"]
[BlackElo "2035"]
[Annotator "NA"]
[PlyCount "85"]
[EventDate "2021.03.27"]
[EventType "team-tourn"]
[EventCountry "NET"]
[SourceTitle "playchess.com"]
[Source "ChessBase"]
[SourceQuality "1"]
[TimeControl "900+5"]

1. e4 d6 2. d4 Nf6 3. Nc3 g6 4. f4 Bg7 5. Nf3 c5 6. dxc5 Qa5 7. Bd3 Qxc5 8. Qe2 Bg4 9. Be3 Qa5 10. O-O O-O 11. Nd1 Nc6 12. c3 Rac8 13. Nf2 Bxf3 14. Qxf3 Nd7 15. Qh3 e6 16. Rfd1 Qc7 17. Rac1 a6 18. Qf3 Rfd8 19. h4 Nf6 20. g4 d5 21. e5 Nd7 22. g5 Ne7 23. Ng4 Nf5 24. Bxf5 gxf5 25. Nf6+ Bxf6 26. exf6 Nc5 27. Bd4 Ne4 28. Be5 Qc5+ 29. Rd4 b5 30. h5 Qf8 31. Kh2 Rc4 32. Rg1 Rxd4 33. Bxd4 Kh8 34. Qh3 Qd6 35. Qh4 Nd2 36. Qf2 Ne4 37. Qe3 Qf8 38. Rg2 Rc8 39. Qh3 b4 40. g6 Qh6 41. Qh4 bxc3 42. bxc3 Nxc3 43. gxf7 1-0